 Dungeon Crawl Stone Soup version 0.30.0-19-g36f170ea60 (webtiles) character file.

Game seed: 5544086161382796457

11 Diggabert the Conjurer (level 2, 0/15 HPs)
             Began as a Deep Elf Conjurer on May 27, 2023.
             Slain by Sigmund
             ... wielding a +0 scythe
              (6 damage)
             ... on level 2 of the Dungeon.
             The game lasted 00:01:08 (631 turns).

Diggabert the Conjurer (Deep Elf Conjurer)           Turns: 631, Time: 00:01:08

Health: 0/15       AC:  3    Str:  4    XL:     2   Next: 13%
Magic:  3/8        EV: 12    Int: 22    God:
Gold:   18         SH:  0    Dex: 13    Spells: 4/7 levels left

rFire   . . .        e - +0 spear
rCold   . . .        (no shield)
rNeg    . . .        a - +0 robe
rPois   .            (no helmet)
rElec   .            f - +0 cloak
rCorr   .            (no gloves)
SInv    .            (no boots)
Will    .....        (no amulet)
Stlth   +            (no ring)
HPRegen 0.22/turn    (no ring)
MPRegen 0.11/turn

%: no passive effects
@: confused
A: no striking features
a: no special abilities


You were on level 2 of the Dungeon.
You visited 1 branch of the dungeon, and saw 2 of its levels.

You collected 18 gold pieces.

Inventory:

Hand Weapons
 e - a +0 spear (weapon)
Armour
 a - a +0 robe (worn)
 f - a +0 cloak (worn)
Scrolls
 c - a scroll of enchant armour {unknown}
 d - a scroll of teleportation {unknown}
 g - a scroll of blinking {unknown}
Potions
 b - a potion of magic
 h - a potion of degeneration {unknown}


   Skills:
 * Level 0.1 Fighting
 * Level 2.4 Dodging
 - Level 2.4 Stealth
 * Level 3.0 Spellcasting
 * Level 4.9 Conjurations


You had 4 spell levels left.
You knew the following spells:

 Your Spells              Type           Power      Damage    Failure   Level
a - Magic Dart            Conj           96%        1d7       1%          1
b - Searing Ray           Conj           48%        2d6       2%          2

Your spell library contained the following spells:

 Spells                   Type           Power      Damage    Failure   Level
 Dazzling Flash           Conj/Hex       28%        N/A       14%         3
 Fulminant Prism          Conj/Hex       7%         3d7       41%         4
 Iskenderun's Mystic Bla  Conj/Tloc      14%        2d5       41%         4


Dungeon Overview and Level Annotations

Branches:
Dungeon (2/15)

Altars:

Annotations:
D:2 Sigmund


Message History

The magic dart hits the hobgoblin.
You kill the hobgoblin!
Unknown command.
You see here a hobgoblin corpse.
Done exploring.
Done exploring.
Search for what [? for help]?
Okay, then.
Search for what [? for help]? .
There is a stone staircase leading down here.
You climb downwards.
There is a stone staircase leading up here.
Casting: Magic Dart (safe; 1% risk of failure)
Confirm with . or Enter, or press ? or * to list all spells.
Aiming: Searing Ray (safe; 2% risk of failure)
Press: ? - help, Shift-Dir - straight line, f - Sigmund
Aim: Sigmund, wielding a +0 scythe and wearing a +0 robe (asleep, 100% to hit)
The searing ray hits Sigmund!
Sigmund is moderately wounded.
Sigmund shouts! (Press . to maintain the ray.) Sigmund hits you but does no damage.
The searing ray hits Sigmund.
Sigmund is heavily wounded.
The searing ray hits Sigmund.
Sigmund is severely wounded.
Sigmund barely misses you.
The searing ray hits Sigmund.
Sigmund is almost dead.
You finish channelling your searing ray.
Sigmund gestures at you while chanting.
You are confused.
You're too confused to aim your attacks!
You're too confused to cast spells.
Unknown command.
Sigmund hits you with a +0 scythe!
Ouch! That really hurt!
There is a stone staircase leading up here.
Sigmund hits you with a +0 scythe.
You die...

#..# ... #..
#.. #..####
#.....#+### .
#.#@.......
....#..@.......
#...<.......
####........
..#+##### ##.#
#.# #.# #.. #..


You could see Sigmund.

Vanquished Creatures
  4 ball pythons (D:1)
  An endoplasm (D:1)
  A giant cockroach (D:1)
  2 hobgoblins (D:1)
  A kobold (D:1)
  A rat (D:1)
10 creatures vanquished.

Notes
Turn   | Place    | Note
-------+----------+-------------------------------------------
     0 | D:1      | Diggabert the Deep Elf Conjurer began the quest for the
                  | Orb.
     0 | D:1      | Reached XP level 1. HP: 10/10 MP: 6/6
   311 | D:1      | Reached XP level 2. HP: 15/15 MP: 6/8
   314 | D:1      | Learned a level 2 spell: Searing Ray
   624 | D:2      | Noticed Sigmund
   631 | D:2      | Slain by Sigmund

Illustrated notes

Levels and vault maps discovered:
D:1:      amcnicky_arrival_abandoned_market, layout_basic
D:2:      layout_basic, serial_shops, nicolae_shop_stone, uniq_sigmund,
          uniq_natasha

Action                     || total
---------------------------++-------
   Cast: Magic Dart        ||    14
         Searing Ray       ||     1
 Armour: Robe              ||     1
  Dodge: Dodged            ||     1
